Workbook
Name a1_Y1: [2]CONFIGURACIÓN!$D$17
Name a1_Y2: [2]CONFIGURACIÓN!$E$17
Name a10_Y10: [2]CONFIGURACIÓN!$M$26
Name a10_Y11: [2]CONFIGURACIÓN!$N$26
Name a2_Y2: [2]CONFIGURACIÓN!$E$18
Name a2_Y3: [2]CONFIGURACIÓN!$F$18
Name a3_Y3: [2]CONFIGURACIÓN!$F$19
Name a3_Y4: [2]CONFIGURACIÓN!$G$19
Name a4_Y4: [2]CONFIGURACIÓN!$G$20
Name a4_Y5: [2]CONFIGURACIÓN!$H$20
Name a5_Y5: [2]CONFIGURACIÓN!$H$21
Name a5_Y6: [2]CONFIGURACIÓN!$I$21
Name a6_Y6: [2]CONFIGURACIÓN!$I$22
Name a6_Y7: [2]CONFIGURACIÓN!$J$22
Name a7_Y7: [2]CONFIGURACIÓN!$J$23
Name a7_Y8: [2]CONFIGURACIÓN!$K$23
Name a8_Y8: [2]CONFIGURACIÓN!$K$24
Name a8_Y9: [2]CONFIGURACIÓN!$L$24
Name a9_Y10: [2]CONFIGURACIÓN!$M$25
Name a9_Y9: [2]CONFIGURACIÓN!$L$25
Name ALMUERZO: '[3]Resumen Preparaciones'!$C$52:$C$113
Name almuerzocena: '[3]Resumen Preparaciones'!$C$52:$C$141
Name año1: [2]CONFIGURACIÓN!$F$9
Name APLICA: #REF!
Name APLICA: #REF!
Name APLICA.: #REF!
Name APLICA.: #REF!
Name bbb: [4]lista!$A$11:$A$13
Name CALENDARIO: [2]CALENDARIO!$B$6:$H$161
Name Calidad: [5]PERSONAL!$P$58
Name Campamento: [5]PERSONAL!$P$122
Name Comercio: [6]OCULTAR!$F$14:$G$17
Name Decision: [4]lista!$A$6:$A$7
Name dependencia: '[7]Datos Inciales'!$B$5:$B$30
Name desayuno: '[3]Resumen Preparaciones'!$C$5:$C$50
Name DESAYUNOS: '[3]Resumen Preparaciones'!$C$5:$C$33
Name Ensayos: [5]PERSONAL!$P$100
Name Estrategia: [8]Tablas!$F$2:$F$34
Name Estrategia: [9]Tablas!$F$2:$F$34
Name EUR: '[2]DATOS ENTRADA'!$E$2
Name fecha_fin_servicio: [2]CONFIGURACIÓN!$C$10
Name fecha_inicio_servicio: [2]CONFIGURACIÓN!$C$9
Name Fuente: [8]Tablas!$D$2:$D$10
Name Fuente: [9]Tablas!$D$2:$D$10
Name FUENTES: '[7]Datos Inciales'!$B$40:$B$49
Name GRUPO: #REF!
Name horas_jornada: [2]CONFIGURACIÓN!$C$12
Name horas_ubicacion1: [2]CONFIGURACIÓN!$C$47
Name horas_ubicacion2: [2]CONFIGURACIÓN!$C$48
Name horas_ubicacion3: [2]CONFIGURACIÓN!$C$49
Name horas_ubicacion4: [2]CONFIGURACIÓN!$C$50
Name horas_ubicacion5: [2]CONFIGURACIÓN!$C$51
Name horas_ubicacion6: [2]CONFIGURACIÓN!$C$52
Name horas_ubicacion7: [2]CONFIGURACIÓN!$C$53
Name Info_Prazo_do_contrato: [10]Seletor!$C$13
Name IVASobreUtilidad: [5]IMPUESTOS!$E$16
Name lista_hnp: '[2]COSTES NO SSPP'!$B$24:$B$33
Name lista_lineas_reparto: '[2]HW&SW'!$C$314:$C$324
Name lista_localizaciones: [2]CONFIGURACIÓN!$B$47:$B$53
Name lista_paises: '[2]DATOS MAESTROS'!$B$13:$B$39

Sheet OFERTA ECONÓMICA
D2: República de Colombia
D3: Instituto Colombiano de Antropología e Historia
D4: Formato Oferta Económica proceso de selección MC-ICANH-026-2024
B6: Objeto | D6: Adquisición de chalecos institucionales como parte de la imagen institucional en territorio para el personal misional del Instituto Colombiano de Antropología e Historia – ICANH
B7: Nombre o Razón Social | I7: NIT
B8: Persona de contacto | I8: Teléfono celular
B9: Correo electrónico | I9: Teléfono fijo
B11: Instrucciones para el diligenciamiento de la oferta:
B13: • Por favor diligenciar solo las celdas en AZUL. • Los precios unitarios deberán ser expresado en PESOS COLOMBIANOS y en números enteros. • El formato contiene los insumos de costos estimados por el Instituto por lo tanto no se permite modificar, agregar o quitar ningún ítem o sub-ítem. • Para la estructuración de la propuesta por favor tener en cuenta el documento anexo "Ficha técnica" • Los precios deberán aproximarse por exceso o por defecto al entero más cercano así: (i) si es igual o superior a 50 centavos, se aproxima al entero siguiente; (ii) si es inferior a 50 centavos se baja al entero anterior. • Los precios unitarios deben contemplar todos los rubros requeridos para la adecuada prestación del servicio y el cumplimiento de las obligaciones contractuales. • Los precios unitarios ofertados no pueden superar los precios techo establecidos. • Ningún ítem de la propuesta económica debe ser diligenciado con cero (0), so pena de ser rechazada.
B15: Notas: (1) Tener en cuenta en el momento de ofertar, que el plazo de ejecución es estimado y podrá ser inferior. (2) Los valores unitarios deben incluir todos los costos y gastos directos e indirectos en que incurre el contratista durante la ejecución del contrato de acuerdo con las especificaciones de la ficha técnica, las obligaciones tributarias de acuerdo con las normas aplicables para el tipo de servicio y contrato correspondiente.
B17: Plazo de ejecución estimado (Nota 1) | D17: 1 MES
H20: PRECIO TECHO | J20: PRECIO OFERTADO
B21: ITEM | C21: Detalle servicios (Nota 2) | D21: Ubicación | E21: Especificaciones técnicas | F21: Unidad de medida | G21: Cantidad de chalecos | H21: PRECIO UNITARIO IVA INCLUIDO | I21: PRECIO TOTAL IVA INCLUIDO | J21: PRECIO UNITARIO IVA INCLUIDO (Nota 2) | K21: PRECIO TOTAL IVA INCLUIDO
B22: 1 | C22: Suministro del chalecos institucinales talla S | D22: Calle 12 # 2 – 41 Bogotá D.C | E22: Color: beige militar. Tela exterior: Tipo Dril de poliéster-algodón 67% poliéster – 33% algodón Características de la tela: resistencia, durabilidad y facilidad de cuidado Resistencia al agua y fuego. Resistencia a las arrugas Tela transpirable. Tela Interior: Tipo Algodón Número de bolsillos: cinco (5) en la parte frontal Tipo de bolsillos: (medidas establecidas en las imágenes) Un (1) bolsillo tipo fuelle con tapa, broche Dos (2) bolsillos tipo fuelle con cremallera. Un (1) bolsillo portaesfero Dos (2) bolsillos tipo ojal con cremallera Cremallera negra en poliéster # 6 Cinta textil reflectiva (Cinta reflectiva gris poliéster, Material 100% Poliéster, Medidas: Ancho: 5 cm) Ubicación de las Cintas Reflectivas (2 franjas frontales, 3 franjas en la parte trasera) Logos: Los logos deberán ser tejidos con hilo, tendrán una altura de 5 cm x 5 cm. | F22: Chaleco | G22: 30 | H22: 142949 | I22: =H22*G22 -> 4288470 | K22: =ROUND(J22*G22,0) -> 0
B23: 2 | C23: Suministro del chalecos institucinales talla M | F23: Chaleco | G23: 55 | H23: 142949 | I23: =H23*G23 -> 7862195 | K23: =ROUND(J23*G23,0) -> 0
B24: 3 | C24: Suministro del chalecos institucinales talla L | F24: Chaleco | G24: 52 | H24: 142949 | I24: =H24*G24 -> 7433348 | K24: =ROUND(J24*G24,0) -> 0
B25: 4 | C25: Suministro del chalecos institucinales talla XL | F25: Chaleco | G25: 10 | H25: 142949 | I25: =H25*G25 -> 1429490 | K25: =ROUND(J25*G25,0) -> 0
B26: PRECIO TOTAL IVA INCLUIDO | I26: =SUM(I22:I25) -> 21013503 | J26: - | K26: =SUM(K22:K25) -> 0
B38: FIRMA DEL REPRESENTANTE LEGAL
B39: C.C.

Sheet Ofertas Recibidas
D2: República de Colombia
D3: Ministerio de Minas y Energía Proceso de Mínima Cuantía No. SMC-004-2026
D4: OFERTAS RECIBIDAS
B6: Objeto | D6: PRESTAR SERVICIOS PARA LA VIGILANCIA, CONTROL Y SEGUIMIENTO A PROCESOS JUDICIALES Y EXTRAJUDICIALES DONDE LA ENTIDAD SEA PARTE O TENGA INTERÉS, ACTIVIDADES QUE SON INSUMO PARA LOS DOCUMENTOS METODOLÓGICOS PRELIMINARES
B8: Presupuesto IVA incluido | D8: 52469738 | G8: Valor unitario sin IVA Techo | H8: 3562
B9: Presupuesto sin IVA | D9: 44092217 | G9: Valor mensual Techo | H9: =+H8*1303 -> 4641286
B11: Oferta | C11: EMPRESA | F11: VALOR OFERTADO FORMATO | G11: OBSERVACIÓN
B12: Oferta 1 | C12: =+'LUPA JURIDICA'!C6 -> LUPA JURIDICA S.A.S. | F12: =+'LUPA JURIDICA'!G11 -> 1172700 | G12: CUMPLE: se acepta aclaración por presuntos precios artificialmente bajos
B13: Oferta 2 | C13: =+'LITIGAR PUNTO COM'!C6 -> LITIGAR PUNTO COM S.A.S. | F13: =+'LITIGAR PUNTO COM'!G11 -> 1992287 | G13: CUMPLE: se acepta aclaración por presuntos precios artificialmente bajos
B14: Oferta 3 | C14: =+'GRUPO HISCA'!C6 -> GRUPO HISCA S.A.S. | F14: =+'GRUPO HISCA'!G11 -> 2084800 | G14: NO CUMPLE: no remitio aclaración por precios artificialmente bajos
C16: EVALUADOR TÉCNICO
C17: NOMBRE DEL PROFESIONAL | E17: LUCIANO ALFONSO PINILLA PEDRAZA
C18: CARGO | E18: CONTRATISTA

Sheet Cumplimiento Invitación
C2: República de Colombia
C3: =+'Ofertas Recibidas'!D3 -> Ministerio de Minas y Energía Proceso de Mínima Cuantía No. SMC-004-2026
C4: Cumplimiento Invitación
B6: Objeto | C6: =+'Ofertas Recibidas'!D6 -> PRESTAR SERVICIOS PARA LA VIGILANCIA, CONTROL Y SEGUIMIENTO A PROCESOS JUDICIALES Y EXTRAJUDICIALES DONDE LA ENTIDAD SEA PARTE O TENGA INTERÉS, ACTIVIDADES QUE SON INSUMO PARA LOS DOCUMENTOS METODOLÓGICOS PRELIMINARES
B8: REQUISITO / PROPONENTE | D8: =+'Ofertas Recibidas'!C12 -> LUPA JURIDICA S.A.S. | E8: =+'Ofertas Recibidas'!C13 -> LITIGAR PUNTO COM S.A.S. | F8: =+'Ofertas Recibidas'!C14 -> GRUPO HISCA S.A.S.
B9: El PROPONENTE deberá presentar el valor de su OFERTA ECONÓMICA a través de la plataforma SECOP II. | D9: CUMPLE | E9: CUMPLE | F9: CUMPLE
B10: La oferta económica debe corresponder a números enteros consecutivos. En consecuencia, no podrán utilizarse números acompañados de, sub números, ni decimales. El PROPONENTE deberá ajustar al peso los precios ofertados, en caso contrario, el Ministerio aproximará los precios, y realizará los respectivos ajustes aritméticos, así: cuando la fracción decimal del peso sea igual o superior a cinco lo aproximará por exceso al peso y cuando la fracción decimal del peso sea inferior a cinco lo aproximará por defecto al peso. | D10: CUMPLE | E10: CUMPLE | F10: CUMPLE
B11: No presentar la oferta económica como se exige en la Invitación Pública. | D11: CUMPLE | E11: CUMPLE | F11: CUMPLE
B12: Cuando se determine que el valor total de la oferta es artificialmente baja. | D12: CUMPLE | E12: CUMPLE | F12: NO CUMPLE
B13: Cuando el valor de la propuesta económica supere el valor total del presupuesto oficial, y/o cuando la propuesta económica supere el valor total de cada uno de los ítems que componen este presupuesto | D13: CUMPLE | E13: CUMPLE | F13: CUMPLE
B14: Cuando el proponente no oferte la totalidad de (ítems/artículos) en la plataforma SECOP II. | D14: CUMPLE | E14: CUMPLE | F14: CUMPLE
D15: CUMPLE | E15: CUMPLE | F15: CUMPLE
D16: CUMPLE | E16: CUMPLE | F16: CUMPLE
D17: CUMPLE | E17: CUMPLE | F17: CUMPLE
D18: CUMPLE | E18: CUMPLE | F18: CUMPLE
B19: CUMPLIMIENTO TOTAL DE LOS REQUISITOS OFERTA ECONÓMICA | D19: =IF(AND(D9="CUMPLE",D10="CUMPLE",D11="CUMPLE",D12="CUMPLE",D13="CUMPLE",D14="CUMPLE",D15="CUMPLE",D16="CUMPLE",D17="CUMPLE",D18="CUMPLE"),"CUMPLE","NO CUMPLE") -> CUMPLE | E19: =IF(AND(E9="CUMPLE",E10="CUMPLE",E11="CUMPLE",E12="CUMPLE",E13="CUMPLE",E14="CUMPLE",E15="CUMPLE",E16="CUMPLE",E17="CUMPLE",E18="CUMPLE"),"CUMPLE","NO CUMPLE") -> CUMPLE | F19: =IF(AND(F9="CUMPLE",F10="CUMPLE",F11="CUMPLE",F12="CUMPLE",F13="CUMPLE",F14="CUMPLE",F15="CUMPLE",F16="CUMPLE",F17="CUMPLE",F18="CUMPLE"),"CUMPLE","NO CUMPLE") -> NO CUMPLE
B22: PROPONENTE | D22: VALOR MENSUAL OFERTADO
B23: =+'Ofertas Recibidas'!C12 -> LUPA JURIDICA S.A.S. | D23: =+'Ofertas Recibidas'!F12 -> 1172700
B24: =+'Ofertas Recibidas'!C13 -> LITIGAR PUNTO COM S.A.S. | D24: =+'Ofertas Recibidas'!F13 -> 1992287
B25: =+'Ofertas Recibidas'!C14 -> GRUPO HISCA S.A.S. | D25: =+'Ofertas Recibidas'!F14 -> 2084800
C27: =+'Ofertas Recibidas'!C16 -> EVALUADOR TÉCNICO
C28: =+'Ofertas Recibidas'!C17 -> NOMBRE DEL PROFESIONAL | D28: =+'Ofertas Recibidas'!E17 -> LUCIANO ALFONSO PINILLA PEDRAZA
C29: =+'Ofertas Recibidas'!C18 -> CARGO | D29: =+'Ofertas Recibidas'!E18 -> CONTRATISTA

Sheet Posiciones
C2: República de Colombia
C3: =+'Ofertas Recibidas'!D3 -> Ministerio de Minas y Energía Proceso de Mínima Cuantía No. SMC-004-2026
C4: Posiciones
B6: Objeto | C6: =+'Ofertas Recibidas'!D6 -> PRESTAR SERVICIOS PARA LA VIGILANCIA, CONTROL Y SEGUIMIENTO A PROCESOS JUDICIALES Y EXTRAJUDICIALES DONDE LA ENTIDAD SEA PARTE O TENGA INTERÉS, ACTIVIDADES QUE SON INSUMO PARA LOS DOCUMENTOS METODOLÓGICOS PRELIMINARES
B8: Posición | C8: Oferta | D8: EMPRESA | E8: VALOR OFERTADO
B9: Posición 1 | C9: Oferta 1 | D9: =+'Ofertas Recibidas'!C12 -> LUPA JURIDICA S.A.S. | E9: =+'Ofertas Recibidas'!F12 -> 1172700
B10: Posición 2 | C10: Oferta 2 | D10: =+'Ofertas Recibidas'!C13 -> LITIGAR PUNTO COM S.A.S. | E10: =+'Ofertas Recibidas'!F13 -> 1992287
B12: =+'Ofertas Recibidas'!C16 -> EVALUADOR TÉCNICO
B13: =+'Ofertas Recibidas'!C17 -> NOMBRE DEL PROFESIONAL | D13: =+'Ofertas Recibidas'!E17 -> LUCIANO ALFONSO PINILLA PEDRAZA
B14: =+'Ofertas Recibidas'!C18 -> CARGO | D14: =+'Ofertas Recibidas'!E18 -> CONTRATISTA

Sheet Precios Artif Bajos
C2: República de Colombia
C3: =+Posiciones!C3 -> Ministerio de Minas y Energía Proceso de Mínima Cuantía No. SMC-004-2026
C4: Solicitud Aclaración Precios Artificialmente Bajos
B6: El Ministerio de Minas y Energía, en virtud de lo establecido en el INVITACIÓN PÚBLICA No. SMC-004-2026, cuyo objeto es “PRESTAR SERVICIOS PARA LA VIGILANCIA, CONTROL Y SEGUIMIENTO A PROCESOS JUDICIALES Y EXTRAJUDICIALES DONDE LA ENTIDAD SEA PARTE O TENGA INTERÉS, ACTIVIDADES QUE SON INSUMO PARA LOS DOCUMENTOS METODOLÓGICOS PRELIMINARES”, solicitará aclaración de los precios ofertados con base en el siguiente análisis:
B7: Dentro de la GUÍA PARA EL MANEJO DE OFERTAS ARTIFICIALMENTE BAJAS EN PROCESOS DE CONTRATACIÓN diseñada por la Colombia Compra Eficiente se establece:
B8: “2.1.1. Comparación Absoluta: Se recomienda su utilización cuando desde la fase de planeación existe claridad sobre el precio o costos para la entrega de los bienes, servicios u obras que se están contratando, y cuando en el desarrollo del proceso de selección recibe menos de 5 ofertas. Para la comparación, la entidad contrasta la variación del valor de cada oferta con el costo estimado de la provisión del bien o servicio de acuerdo con el Estudio del Sector, para lo cual podrá utilizar la siguiente fórmula:
B11: Donde Vo es la variación de la oferta del proveedor con respecto al precio estimado por la Entidad Estatal P es el precio estimado por la entidad estatal o es el precio ofrecido por el proponente La Entidad Estatal debe solicitar aclaración a los proponentes ofertas cuyo valor es menor o igual que el 20% del costo total estimado por la Entidad Estata
B13: =+'Ofertas Recibidas'!G9 -> Valor mensual Techo | C13: =+'Ofertas Recibidas'!H9 -> 4641286
B14: 0.2 | C14: =+C13*(1-20%) -> 3713028.8
B16: OFERENTE | D16: VALOR OFERTA | E16: VARIACIÓN RESPECTO AL PRESUPUESTO | F16: SE REQUIERE?
B17: =+'Ofertas Recibidas'!C12 -> LUPA JURIDICA S.A.S. | D17: =+'Ofertas Recibidas'!F12 -> 1172700 | E17: =+(($C$13-D17)/$C$13)*100% -> 0.74733296 | F17: SI
B18: =+'Ofertas Recibidas'!C13 -> LITIGAR PUNTO COM S.A.S. | D18: =+'Ofertas Recibidas'!F13 -> 1992287 | E18: =+(($C$13-D18)/$C$13)*100% -> 0.57074677 | F18: SI
B19: =+'Ofertas Recibidas'!C14 -> GRUPO HISCA S.A.S. | D19: =+'Ofertas Recibidas'!F14 -> 2084800 | E19: =+(($C$13-D19)/$C$13)*100% -> 0.55081415 | F19: SI
B21: Por lo anterior se requiere a los oferentes LUPA JURIDICA S.A.S., LITIGAR PUNTO COM S.A.S. Y GRUPO HISCA S.A.S., para que sustenten técnica, financiera y económicamente los precios ofertados, junto con la desagregación de precios Oferta=Costo del bien, servicio u obra (insumos, equipos, personal) + gastos generales + imprevistos + utilidad, teniendo en cuenta que se encuentran inmersos en el calificativo de ARTIFICIALMENTE BAJO, criterio establecido por la Agencia Nacional de Contratación Pública, lo anterior so pena de estar inmerso en la Causal de rechazo 14 que establece: “Cuando se determine que el valor total de la oferta es artificialmente baja", de acuerdo con lo establecido en el Decreto 1082 de 2015, artículo 2.2.1.1.2.2.4, y las explicaciones dadas por el proponente, no satisfagan a la Entidad”.
B23: =+Posiciones!B12 -> EVALUADOR TÉCNICO
B24: =+Posiciones!B13 -> NOMBRE DEL PROFESIONAL | D24: =+Posiciones!D13 -> LUCIANO ALFONSO PINILLA PEDRAZA
B25: =+Posiciones!B14 -> CARGO | D25: =+Posiciones!D14 -> CONTRATISTA

Sheet LUPA JURIDICA
B2: MINISTERIO DE MINAS Y ENERGÍA
B3: OFICINA ASESORA JURÍDICA
B4: INVITACIÓN A COTIZAR-SONDEO DE MERCADO
B5: CIFRAS EN COP$
B6: OFERENTE | C6: LUPA JURIDICA S.A.S.
B7: Objeto: “Prestar servicios para la vigilancia, control y seguimiento a procesos judiciales y extrajudiciales donde la entidad sea parte o tenga interés, actividades que son insumo para los documentos metodológicos”.
B8: DESCRIPCION | C8: VALOR UNITARIO ANTES DE IVA | D8: VALOR IVA | E8: VALOR UNITARIO CON IVA | F8: NUMERO DE PROCESOS | G8: VALOR OFERTADO | H8: PLAZO (MESES) | I8: VALOR TOTAL
B9: Vigilancia, control y seguimiento de procesos judiciales | C9: =900 -> 900 | D9: =+C9*0.19 -> 171 | E9: =+C9+D9 -> 1071 | F9: 1303 | G9: =+E9*F9 -> 1395513 | H9: 9.5 | I9: =+G9*H9 -> 13257374
B11: Vigilancia, control y seguimiento de procesos judiciales | C11: =900 -> 900 | E11: =+C11+D11 -> 900 | F11: 1303 | G11: =+E11*F11 -> 1172700 | H11: 9.5 | I11: =+G11*H11 -> 11140650

Sheet LITIGAR PUNTO COM
B2: MINISTERIO DE MINAS Y ENERGÍA
B3: OFICINA ASESORA JURÍDICA
B4: INVITACIÓN A COTIZAR-SONDEO DE MERCADO
B5: CIFRAS EN COP$
B6: OFERENTE | C6: LITIGAR PUNTO COM S.A.S.
B7: Objeto: “Prestar servicios para la vigilancia, control y seguimiento a procesos judiciales y extrajudiciales donde la entidad sea parte o tenga interés, actividades que son insumo para los documentos metodológicos”.
B8: DESCRIPCION | C8: VALOR UNITARIO ANTES DE IVA | D8: VALOR IVA | E8: VALOR UNITARIO CON IVA | F8: NUMERO DE PROCESOS | G8: VALOR OFERTADO | H8: PLAZO (MESES) | I8: VALOR TOTAL
B9: Vigilancia, control y seguimiento de procesos judiciales | C9: =1529 -> 1529 | D9: =+C9*0.19 -> 290.51 | E9: =+C9+D9 -> 1819.51 | F9: 1303 | G9: =+E9*F9 -> 2370821.5 | H9: 9.5 | I9: =+G9*H9 -> 22522805
B11: Vigilancia, control y seguimiento de procesos judiciales | C11: =1529 -> 1529 | E11: =+C11+D11 -> 1529 | F11: 1303 | G11: =+E11*F11 -> 1992287 | H11: 9.5 | I11: =+G11*H11 -> 18926726

Sheet GRUPO HISCA
B2: MINISTERIO DE MINAS Y ENERGÍA
B3: OFICINA ASESORA JURÍDICA
B4: INVITACIÓN A COTIZAR-SONDEO DE MERCADO
B5: CIFRAS EN COP$
B6: OFERENTE | C6: GRUPO HISCA S.A.S.
B7: Objeto: “Prestar servicios para la vigilancia, control y seguimiento a procesos judiciales y extrajudiciales donde la entidad sea parte o tenga interés, actividades que son insumo para los documentos metodológicos”.
B8: DESCRIPCION | C8: VALOR UNITARIO ANTES DE IVA | D8: VALOR IVA | E8: VALOR UNITARIO CON IVA | F8: NUMERO DE PROCESOS | G8: VALOR OFERTADO | H8: PLAZO (MESES) | I8: VALOR TOTAL
B9: Vigilancia, control y seguimiento de procesos judiciales | C9: =1600 -> 1600 | D9: =+C9*0.19 -> 304 | E9: =+C9+D9 -> 1904 | F9: 1303 | G9: =+E9*F9 -> 2480912 | H9: 9.5 | I9: =+G9*H9 -> 23568664
B11: Vigilancia, control y seguimiento de procesos judiciales | C11: =1600 -> 1600 | E11: =+C11+D11 -> 1600 | F11: 1303 | G11: =+E11*F11 -> 2084800 | H11: 9.5 | I11: =+G11*H11 -> 19805600

Sheet Formato Oferta
B2: #VALUE! | D2: República de Colombia
D3: Instituto Colombiano de Antropología e Historia
D4: Servicio de Internet Tierradentro, Teyuna y Santamaría del Antiguo Darién
D5: OFERTA ECONOMICA
B7: Nombre o Razón Social | H7: NIT
B8: Persona de contacto | H8: Teléfono celular
B9: Correo electrónico | H9: Teléfono fijo
B11: Objeto: | D11: Prestar el servicio de internet y soporte técnico para los Parques Arqueológicos de Tierradentro, (Departamento de Cauca), Teyuna (Departamento de Magdalena) y Santa Marian Antigua del Darién.
B13: Instrucciones para el diligenciamiento de la cotización
B15: • Por favor diligenciar solo las celdas en AZUL. • Revisar todos los requerimientos que se exponen en los documentos técnico y formular su cotización en concordancia con este, de tal forma que cumplan con la necesidad del Instituto. • Los precios unitarios deberán ser expresado en PESOS COLOMBIANOS. • Los precios deberán aproximarse por exceso o por defecto al entero más cercano así: (i) si es igual o superior a 50 centavos, se aproxima al entero siguiente; (ii) si es inferior a 50 centavos se baja al entero anterior. • El formato contiene los insumos de costos estimados por el Instituto por lo tanto no se permite modificar, agregar o quitar ningún ítem o sub-ítem. • Los precios unitarios deben contemplar todos los rubros requeridos para la adecuada prestación del servicio y el cumplimiento de las obligaciones tributarias y contractuales como los son trazabilidad del servicio, equipo mínimo de trabajo, impuestos entre otros.
B17: Notas: (1) El valor establecido corresponde al valor que genere el proveedor de las antenas satelitales de internet Starlink y que deberán ser pagados por el contratista en el marco de la ejecución del contrato. Este valor es estimado y podrá ser ajustado por la Entidad, no obstante, se reconocerá el costo establecido entre el ICANH y el proveedor Starlink.
B19: Descripción | F19: Cantidad | G19: Periodos | H19: Valor periodo IVA incluido (mes) ( Nota 1) | I19: Valor total IVA incluido
B20: Parque Arqueológico de Santamaría del Antiguo Darien | F20: 1 | G20: 9 | H20: 262750 | I20: =+H20*G20*F20 -> 2364750
B21: Parque Arqueológico de Teyuna | F21: 1 | G21: 9 | H21: 262750 | I21: =+H21*G21*F21 -> 2364750
B22: Valor total pago de servicio de internet | I22: =SUM(I20:I21) -> 4729500
G24: VALOR TECHO | H24: OFERTA PROPONENTE
B25: Ítem | E25: Cantidad | F25: Periodos (mes) | G25: Precio unitario por periodo IVA incluido (mes) | H25: Precio unitario por periodo IVA incluido (mes) | I25: Valor total IVA incluido
B26: Servicio integral de conectividad terrestre para el Parque Arqueológico de Tierradentro, que incluye suministro del enlace, instalación, infraestructura, equipos, soporte técnico, monitoreo y mantenimiento, conforme a la ficha técnica anexa. | E26: 1 | F26: 9 | G26: 1426000 | H26: 1150000 | I26: =ROUND(H26*F26*E26,0) -> 10350000
B27: Servicio de administración, soporte y monitoreo de la plataforma de antenas satelitales Starlink para los Parques Arqueológicos de Teyuna y Santa María la Antigua del Darién, por antena, conforme a la ficha técnica anexa. | E27: 2 | F27: 9 | G27: 635000 | H27: 405000 | I27: =ROUND(H27*F27*E27,0) -> 7290000
B29: TOTAL OFERTA | I29: =+I27+I26+I22 -> 22369500
B32: La presente cotización:
B33: • Se remite como parte del estudio de mercado, previo a la contratación, y no implica ninguna obligación de contratar. • El Icanh no se hace responsable de ningún costo directo o indirecto en que incurra el potencial proveedor para presentar la actual cotización, dado que se recibe de buena fe, como fuente de información de precios de referencia del mercado para el estudio de sector. • Tiene una vigencia de 90 días a partir de la fecha de diligenciamiento.
